 Dungeon Crawl Stone Soup version bcrawl-1.20.1-3-gdcb1fc31ed (webtiles) character file.

Game seed: 15184468727944392590

74 MisterOstroum the Charmwright (level 4, -2/30 HPs)
             Began as a Fairy Skald on Feb 2, 2020.
             Was an Initiate of Okawaru.
             Killed from afar by an orc wizard (6 damage)
             ... with a magic dart
             ... on level 3 of the Dungeon.
             The game lasted 00:03:28 (2616 turns).

MisterOstroum the Charmwright (Fairy Skald)         Turns: 2616, Time: 00:03:29

Health: -2/30      AC:  4    Str: 10    XL:     4   Next: 30%
Magic:  9/10       EV: 17    Int: 16    God:    Okawaru [......]
Gold:   129        SH:  4    Dex: 12    Spells: 2/8 levels left

rFire    . . .     SeeInvis .   b - +0 short sword
rCold    + . .     Gourm    .   (shield restricted)
rNeg     . . .     Faith    .   (armour unavailable)
rPois    .         Spirit   .   (no helmet)
rElec    .         Reflect  .   (no cloak)
rCorr    .         Harm     .   (no gloves)
MR       .....                  (no boots)
Stlth    ..........             (no amulet)
HPRegen  0.10/turn              q - ring of protection from cold
MPRegen  0.12/turn              (no ring)

@: singing, flying evasively
A: small, magic attunement, unstealthy, unfitting armour, able to fly, AC/SH +4
a: Stop Flying, Renounce Religion


You were on level 3 of the Dungeon.
You worshipped Okawaru.
Okawaru was noncommittal.
You were hungry.

You visited 1 branch of the dungeon, and saw 3 of its levels.

You collected 129 gold pieces.

Inventory:

Hand Weapons
 a - a +0 falchion
 b - a +0 short sword (weapon)
Missiles
 f - 632 sling bullets
 i - 645 stones (quivered)
Jewellery
 q - a ring of protection from cold (left hand)
Scrolls
 c - a scroll of fear {!r}
 d - 2 scrolls of remove curse {unknown}
 g - 3 scrolls of identify {@r1}
 j - 2 scrolls of teleportation {@r3 !r}
 m - a scroll of magic mapping {unknown}
 o - a scroll of immolation {unknown}
 s - 2 scrolls of amnesia {unknown}
Potions
 h - a potion of brilliance
 l - 3 potions of agility {@q5 !q}
 n - a potion of invisibility
 p - a potion of curing {@q1 !q}
Comestibles
 e - 7 rations {!d}


   Skills:
 * Level 2.8 Fighting
 * Level 2.5 Long Blades
 - Level 3.2 Dodging
 - Level 2.6 Spellcasting
 + Level 0.3 Hexes
 + Level 3.3 Charms


You had 2 spell levels left.
You knew the following spells:

 Your Spells              Type           Power        Failure   Level  Hunger
a - Infusion              Chrm           ##......     4%          1    None
b - Song of Slaying       Chrm           ##......     8%          2    None
c - Spectral Weapon       Hex/Chrm       #.......     26%         3    None

Your spell library contained the following spells:

 Spells                   Type           Power        Failure   Level  Hunger
 Ozocubu's Armour         Chrm/Ice       #.......     28%         3    None
 Regeneration             Chrm/Necr      #.........   28%         3    None


Dungeon Overview and Level Annotations

Branches:
Dungeon (3/12)

Altars:
Elyvilon
Hepliaklqana
Okawaru
Ru
Zin
The Shining One


Innate Abilities, Weirdness & Mutations

Your spells do not cause hunger and MP costs are reduced by 1.
Your bright wings attract enemies. (Stealth-)
You cannot fit into any form of body armour.
Your shimmering scales are hard and can block incoming attacks. (AC +4, SH +4)
You are small and have problems with some larger weapons.
You can fly continuously.


Message History

The orc hits you with a +0 hand axe.
You hit the orc.
The orc is moderately wounded.
You block the orc's attack.
You hit the orc but do no damage.
The orc is moderately wounded.
Your magical infusion is running out.
The orc wizard begins to cast a cantrip, but forgets the words!
You hit the orc but do no damage.
The orc is moderately wounded.
The orc barely misses you.
You completely miss the orc.
The orc is moderately wounded.
The orc completely misses you.
You hit the orc.
You kill the orc!
Okawaru accepts your kill.
You barely miss the orc wizard. You hit the orc wizard.
The orc wizard is moderately wounded.
The orc wizard hits you with a +0 dagger.
The orc wizard closely misses you.
You are feeling hungry.
You closely miss the orc wizard.
The orc wizard is moderately wounded.
You are no longer magically infusing your attacks.
The orc wizard gestures at you while chanting.
The puff of frost hits you! You resist.
You miss the orc wizard.
The orc wizard is moderately wounded.
The orc wizard points at you and mumbles some strange words.
The puff of flame misses you.
You barely miss the orc wizard.
The orc wizard is moderately wounded.
The orc wizard gestures at you while chanting.
The magic dart hits you!
You closely miss the orc wizard.
The orc wizard is moderately wounded.
The orc wizard gestures at you while chanting.
The magic dart hits you!
You are too injured to fight recklessly!
You are too injured to fight recklessly!
You are too injured to fight recklessly!
You are too injured to fight recklessly!
You are too injured to fight recklessly!
You are too injured to fight recklessly!
You are too injured to fight recklessly!
You are too injured to fight recklessly!
You are too injured to fight recklessly!
You are too injured to fight recklessly!
You are too injured to fight recklessly!
You are too injured to fight recklessly!
You are too injured to fight recklessly!
You are too injured to fight recklessly!
You are too injured to fight recklessly!
You are too injured to fight recklessly!
You are too injured to fight recklessly!
You are too injured to fight recklessly!
You are too injured to fight recklessly!
You are too injured to fight recklessly!
You are too injured to fight recklessly!
You are too injured to fight recklessly!
You are too injured to fight recklessly!
You are too injured to fight recklessly!
You are too injured to fight recklessly!
Casting: Infusion (safe; 4% risk of failure)
Confirm with . or Enter, or press ? or * to list all spells.
You start singing a song of slaying.
The orc wizard casts a spell at you. The magic dart hits you!
You closely miss the orc wizard.
The orc wizard is lightly wounded.
The orc wizard misses you.
You hit the orc wizard.
The orc wizard is moderately wounded.
The orc wizard hits you with a +0 dagger.
* * * LOW HITPOINT WARNING * * *
You hit the orc wizard.
The orc wizard is heavily wounded.
The orc wizard casts a spell at you. The puff of frost hits you! You resist.
* * * LOW HITPOINT WARNING * * *
You hit the orc wizard.
The orc wizard is severely wounded.
The orc wizard casts a spell.
The orc wizard seems to speed up.
You hit the orc wizard but do no damage.
The orc wizard is severely wounded.
The orc wizard hits you but does no damage.
You hit the orc wizard.
The orc wizard is severely wounded.
The orc wizard barely misses you.
The orc wizard casts a spell.
The orc wizard flickers and vanishes!
Deactivating autopickup; reactivate with Ctrl-A.
You barely miss something.
You hear some strange, mumbled words.
A magic dart appears from out of thin air!
The magic dart hits you!
You die...

#
#...........#
#
#...#######.#
##########
#)#
..).......
#.#
.#########
#.# .# #.# .#
#.# .########
#.# .........
#@# #.#######
#{# #.# #o#
#.# #.# #.#
#.# #.# #.#
#.# #.# #.#
#.# #.#


You could see an orc.

Vanquished Creatures
  2 adders (D:2)
  An ooze (D:2)
  2 dart slugs (D:1)
  9 orcs
  A giant cockroach (D:1)
  3 goblins
  5 hobgoblins
  A jackal (D:2)
  A quokka (D:2)
  5 bats
  A frilled lizard (D:1)
  6 kobolds
  3 rats
40 creatures vanquished.

Notes
Turn   | Place    | Note
-------+----------+-------------------------------------------
     0 | D:1      | MisterOstroum the Fairy Skald began the quest for the Orb.
     0 | D:1      | Reached XP level 1. HP: 14/14 MP: 6/6
   179 | D:1      | Reached XP level 2. HP: 18/19 MP: 7/7
   194 | D:1      | Learned a level 2 spell: Song of Slaying
  1083 | D:2      | Found a glowing golden altar of the Shining One.
  1108 | D:2      | Reached XP level 3. HP: 25/25 MP: 5/9
  1366 | D:2      | Found a white marble altar of Elyvilon.
  1366 | D:2      | Found a sacrificial altar of Ru.
  1372 | D:2      | Found a glowing silver altar of Zin.
  1529 | D:2      | Found an iron altar of Okawaru.
  1530 | D:2      | Found a hazy altar of Hepliaklqana.
  1621 | D:2      | Learned a level 3 spell: Spectral Weapon
  1652 | D:2      | Became a worshipper of Warmaster Okawaru
  2387 | D:2      | Reached XP level 4. HP: 25/30 MP: 5/10
  2616 | D:3      | Killed from afar by an orc wizard

Skill      XL: |  1  2 |
---------------+-------+-----
Fighting       | 2 |  2.8
Long Blades    | 2 |  2.5
Dodging        | |  3.2
Spellcasting   | |  2.6
Hexes          | |  0.3
Charms         | |  3.3

Action                   |  1- 3 |  4- 6 || total
-------------------------+-------+-------++-------
Melee: Falchion          |    63 |       ||    63
       Dagger            |    35 |       ||    35
       Short sword       |    65 |    40 ||   105
 Cast: Infusion          |    14 |     4 ||    18
       Song of Slaying   |     6 |     2 ||     8
  Use: Scroll            |     4 |     1 ||     5
  Eat: Chunk             |     3 |     2 ||     5
Armor: Skin              |    27 |     3 ||    30
Dodge: Dodged            |   158 |    17 ||   175
Block: Other             |    19 |     4 ||    23
